 Dungeon Crawl Stone Soup version 0.27.1 (webtiles) character file.

Game seed: 1329385187202977914

284 ABBCCCDDDD the Poker (level 6, -1/42 HPs)
             Began as an Octopode Monk on Aug 31, 2021.
             Was a Follower of Sif Muna.
             Succumbed to a scorpion's poison
             ... on level 4 of the Dungeon.
             The game lasted 00:08:32 (4543 turns).

ABBCCCDDDD the Poker (Octopode Monk)                Turns: 4543, Time: 00:08:33

Health: -1/42      AC:  1    Str: 10    XL:     6   Next: 29%
Magic:  7/7        EV: 14    Int: 14    God:    Sif Muna [*.....]
Gold:   148        SH:  0    Dex: 15    Spells: 6/7 levels left

rFire    + . .     SeeInvis .   a - +0 spear
rCold    + . .     Faith    .   (no shield)
rNeg     . . .     Spirit   .   f - +0 hat
rPois    +         Reflect  .   (no amulet)
rElec    +         Harm     .   (no ring)
rCorr    +         Rampage  .   (no ring)
Will     .....                  (no ring)
Stlth    +++.......             (no ring)
HPRegen  0.14/turn              (no ring)
MPRegen  0.10/turn              (no ring)
                                (no ring)
                                (no ring)

@: lethally poisoned (-1 -> -10), resistant
A: almost no armour, amphibious, 8 rings, camouflage 1, gelatinous body 1,
(nimble swimmer 1), tentacles
a: Renounce Religion, Channel Magic


You were on level 4 of the Dungeon.
You worshipped Sif Muna.
Sif Muna was aware of your devotion.
You visited 2 branches of the dungeon, and saw 5 of its levels.

You collected 148 gold pieces.

Inventory:

Hand Weapons
 a - a +0 spear (weapon)
 i - a +0 trident
Missiles
 j - 12 poisoned darts (quivered)
Armour
 f - a +0 hat (worn)
Scrolls
 c - 2 scrolls of identify {unknown}
 d - a scroll of teleportation {unknown}
 g - 2 scrolls of fog {unknown}
 k - a scroll of vulnerability {unknown}
Potions
 e - a potion of resistance


   Skills:
 - Level 3.0 Fighting
 * Level 5.2 Polearms
 + Level 4.1 Dodging
 - Level 2.6 Stealth
 + Level 1.2 Spellcasting
 + Level 1.8 Conjurations
 + Level 1.4 Fire Magic


You had 6 spell levels left.
You knew the following spells:

 Your Spells              Type           Power      Damage    Failure   Level
a - Foxfire               Conj/Fire      20%        2x1d5     13%         1

Your spell library contained the following spells:

 Spells                   Type           Power      Damage    Failure   Level
 Corpse Rot               Necr/Air       N/A        N/A       36%         2
 Conjure Flame            Conj/Fire      5%         6-21      36%         3
 Inner Flame              Hex/Fire       2%         N/A       50%         3
 Dispel Undead            Necr           0%         3d6       95%         4
 Death Channel            Necr           0%         N/A       100%        6


Dungeon Overview and Level Annotations

Branches:
Dungeon (4/15)             Temple (1/1) D:4

Altars:
Cheibriados
Dithmenos
Elyvilon
Fedhas
Gozag
Hepliaklqana
Kikubaaqudgha
Makhleb
Nemelex Xobeh
Okawaru
Qazlal
Ru
Sif Muna
Trog
Uskayaw
Vehumet
Wu Jian
Xom
Yredelemnul
Zin

Annotations:
D:4 2 transporters, Menkaure; Sigmund; funkygono's ghost, weakling GrFE


Innate Abilities, Weirdness & Mutations

You cannot wear most types of armour.
You are amphibious.
You can wear up to eight rings at the same time.
Your skin changes colour to match your surroundings (Stealth+).
Your rubbery body absorbs attacks. (AC +1, EV +1)
((You are camouflaged near water. (Stealth+)))
You have tentacles for arms and can constrict up to eight enemies at once.


Message History

The scorpion is heavily wounded.
You constrict the scorpion. The scorpion stings you.
You are poisoned.
The scorpion poisons you! The scorpion stings you!
You hit the scorpion.
The scorpion is almost dead.
You constrict the scorpion, but do no damage.
You feel very sick. The scorpion stings you.
You are lethally poisoned!
The scorpion poisons you!
It was a potion of resistance.
You feel protected.
You constrict the scorpion.
You kill the scorpion!
Sif Muna accepts your kill.
You feel very sick.
There is a lethal amount of poison in your body!
It was a potion of haste.
You feel yourself speed up.
* * * LOW HITPOINT WARNING * * *
You feel very sick.
It was a potion of brilliance.
You feel clever all of a sudden.
* * * LOW HITPOINT WARNING * * *
You feel very sick.
It was a potion of cancellation.
Your magical effects are unravelling.
You feel magically purged.
You feel yourself slow down.
You feel a little less clever now.
Your resistance to elements expires.
* * * LOW HITPOINT WARNING * * *
You feel sick.
Okay, then.
Okay, then.
Okay, then.
You feel protected.
* * * LOW HITPOINT WARNING * * *
You feel very sick.
There is a lethal amount of poison in your body!
You die...

#.# #.# #.# #.# #####
#.#########...# ....
#........##...# ....
#.........#...# .
.... #.........#...#
.. .(..
#.........@...##...
....
#........##†.......
....h.
###########..######
######. #####..#W....
.....#. #......#Z.$..
....#. #.###..#..###
###..#. #.#
#..#..#8#.#8#..#.
#.###..#...........#.
#.....©#.....©....$#©


You could see funkygono's ghost and a bullfrog zombie.

Levels and vault maps discovered:
D:1:      onia_arrival_pyramid, layout_basic, lemuel_flame_loot_1
D:2:      layout_rooms
D:3:      layout_loops_ring, old_standard_altar,
          nicolae_sif_muna_little_library, amethyst_killhole,
          grunt_ministairs_5, grunt_decor_clamped, uniq_robin
D:4:      layout_basic, minmay_temple_entry_offerings,
          gammafunk_ghost_mausoleum, uniq_menkaure, uniq_sigmund, uniq_edmund
Temple:   regret_index_temple_mists

Notes
Turn   | Place    | Note
-------+----------+-------------------------------------------
     0 | D:1      | ABBCCCDDDD the Octopode Monk began the quest for the Orb.
     0 | D:1      | Reached XP level 1. HP: 16/16 MP: 1/1
   387 | D:1      | Reached XP level 2. HP: 21/21 MP: 2/2
  1078 | D:2      | Reached XP level 3. HP: 20/26 MP: 3/3
  1176 | D:2      | Reached skill level 4 in Polearms
  1176 | D:2      | Reached XP level 4. HP: 15/31 MP: 4/4
  1589 | D:3      | Learned a level 1 spell: Foxfire
  1633 | D:3      | Noticed Robin
  1981 | D:3      | Reached XP level 5. HP: 19/36 MP: 5/5
  2132 | D:3      | Found a shimmering blue altar of Sif Muna.
  2202 | D:3      | Reached skill level 1 in Conjurations
  2306 | D:3      | Found a blossoming altar of Fedhas.
  2515 | D:3      | Killed Robin
  3783 | D:4      | Reached skill level 1 in Fire Magic
  3792 | D:4      | Noticed Menkaure
  3919 | D:4      | Found a staircase to the Ecumenical Temple.
  3928 | D:4      | Noticed a black bear
  3935 | Temple   | Entered the Ecumenical Temple
  4111 | D:3      | Became a worshipper of Sif Muna the Loreminder
  4111 | D:3      | Reached * piety under Sif Muna
  4111 | D:3      | Reached ** piety under Sif Muna
  4210 | D:4      | Reached skill level 1 in Spellcasting
  4251 | D:4      | Found a transporter.
  4253 | D:4      | Found a transporter.
  4254 | D:4      | Noticed funkygono's ghost (weakling GrFE)
  4296 | D:4      | Reached skill level 5 in Polearms
  4430 | D:4      | Reached XP level 6. HP: 37/42 MP: 7/7
  4500 | D:4      | Noticed Sigmund
  4542 | D:4      | HP: 1/42 [poisoned by a scorpion]
  4543 | D:4      | Succumbed to a scorpion's poison

Table legend: (Time is in decaauts)
 A = Elapsed time spent in this place.
 B = Non-inter-level travel time spent in this place.
 C = Inter-level travel time spent in this place.
 D = Time resting spent in this place.
 E = Time spent auto-exploring this place.
 F = Levels seen in this place.
 G = Mean time per level.
                   A        B        C        D        E       F      G
               +--------+--------+--------+--------+--------+-----+--------+
         Total |   4517 |   4224 |    293 |   1613 |   1648 |   5 |  903.4 |
       Dungeon |   4421 |   4137 |    284 |   1613 |   1593 |   4 | 1105.2 |
        Temple |     95 |     86 |      9 |      0 |     55 |   1 |   95.0 |
               +--------+--------+--------+--------+--------+-----+--------+

Top non-repeatable levels by time:
     D:3: 1751 daAuts
     D:2: 1165 daAuts
     D:1: 775 daAuts
     D:4: 729 daAuts
  Temple: 95 daAuts

Table legend:
 A = Kills in this place as a percentage of kills in entire the game.
 B = Kills by you in this place as a percentage of kills by you in the entire game.
 C = Kills by friends in this place as a percentage of kills by friends in the entire game.
 D = Other kills in this place as a percentage of other kills in the entire game.
 E = Experience gained in this place as a percentage of experience gained in the entire game.
 F = Experience gained in this place divided by the number of levels of this place that you have seen.
                   A       B       C       D       E      F
               +-------+-------+-------+-------+-------+----------------------
         Total | 100.0 | 100.0 |   N/A |   N/A | 100.0 |  81.2
       Dungeon | 100.0 | 100.0 |   N/A |   N/A | 100.0 | 101.5
               +-------+-------+-------+-------+-------+----------------------

Action                   |  1- 3 |  4- 6 || total
-------------------------+-------+-------++-------
Melee: Spear             |    92 |   173 ||   265
       Constrict         |    10 |    33 ||    43
       Tentacles         |     6 |    29 ||    35
Throw: Dart              |       |     5 ||     5
  Use: Potion            |       |     5 ||     5
 Stab: Sleeping          |    10 |    15 ||    25
       Distracted        |       |     1 ||     1
Armor: Skin              |     1 |     5 ||     6
Dodge: Dodged            |    29 |    61 ||    90

Vanquished Creatures
  A scorpion (D:4)
  A hound (D:2)
  An orc wizard (D:3)
  A hound skeleton (D:4)
  Robin (D:3)
  5 adders
  2 worms
  2 dart slugs
  5 orcs
  4 endoplasms
  A giant cockroach (D:1)
  15 goblins
  9 hobgoblins
  7 jackals (D:3)
  7 kobolds
  5 quokkas
  4 ball pythons
  7 bats
  2 frilled lizards (D:3)
  A rat (D:2)
81 creatures vanquished.
